 Dungeon Crawl Stone Soup version 0.18.1-50-g88ac8fd (webtiles) character file.

139 GroperCleveland the Chopper (level 5, -2/42 HPs)
             Began as a Human Berserker on Oct 29, 2016.
             Was a Believer of Trog.
             Killed by nerve-wracking pain
             ... invoked by an orc priest
              (5 damage)
             ... on level 2 of the Dungeon.
             The game lasted 00:30:43 (1878 turns).

GroperCleveland the Chopper (Human Berserker)       Turns: 1878, Time: 00:30:44

Health: -2/42      AC: 11    Str: 17    XL:     5   Next: 46%
Magic:  5/5        EV:  8    Int:  8    God:    Trog [**....]
Gold:   88         SH:  0    Dex: 13    Spells: 0 memorised, 4 levels left

rFire  . . .     SeeInvis .     y - -2 spear (curse)
rCold  . . .     Gourm    .     x - +0 chain mail
rNeg   . . .     Faith    .     (no shield)
rPois  .         Spirit   .     (no helmet)
rElec  .         Dismiss  +     k - +1 cloak
rCorr  .         Reflect  .     (no gloves)
SustAt .         Harm     .     (no boots)
MR     .....                    t - amulet of dismissal
Stlth  ..........               (no ring)
                                (no ring)

@: not resistant to hostile enchantments, extremely unstealthy
A: no striking features
a: Berserk, Trog's Hand, Burn Spellbooks, Renounce Religion


You were on level 2 of the Dungeon.
You worshipped Trog.
Trog was pleased with you.
You were not hungry.

You visited 1 branch of the dungeon, and saw 3 of its levels.

You collected 88 gold pieces.

Inventory:

Hand Weapons
 a - a +0 hand axe
 o - a +1 short sword of electrocution
 y - a cursed -2 spear (weapon)
Missiles
 d - 14 bolts
 h - 5 javelins (quivered)
 s - 90 stones
 v - 55 arrows
Armour
 k - a +1 cloak (worn)
 x - a +0 chain mail (worn)
Jewellery
 t - an amulet of dismissal (around neck)
Scrolls
 i - a scroll of blinking
 j - 3 scrolls of identify
 n - 3 scrolls of teleportation
 w - a scroll of enchant weapon {unknown}
Potions
 b - a potion of invisibility {unknown}
 e - a potion of might {unknown}
 f - a potion of agility {unknown}
 m - 5 potions of curing {unknown}
 q - a potion of cure mutation {unknown}
 r - a potion of magic {unknown}
 u - a potion of brilliance {unknown}
Comestibles
 c - a bread ration
 l - 3 fruits
 z - a royal jelly


   Skills:
 + Level 3.8 Fighting
 + Level 1.0 Short Blades
 + Level 3.8 Axes
 + Level 0.4(2.3) Polearms
 + Level 2.6 Armour
 + Level 3.2 Dodging


You had 4 spell levels left.
You didn't know any spells.

Dungeon Overview and Level Annotations

Branches:
Dungeon (3/15)

Altars:
Elyvilon
Sif Muna


Message History

You hit the orc priest.
The orc priest is heavily wounded.
The orc priest hits you but does no damage.
Your chain mail prevents you from hitting the orc priest.
The orc priest is heavily wounded.
The orc priest hits you but does no damage.
You hit the orc priest but do no damage.
The orc priest is heavily wounded.
The orc priest hits you but does no damage.
You barely miss the orc priest.
The orc priest is heavily wounded.
The orc priest casts a cantrip, but nothing happens.
You closely miss the orc priest.
The orc priest is heavily wounded.
The orc priest hits you but does no damage.
You hit the orc priest but do no damage.
The orc priest is heavily wounded.
The orc priest mumbles some strange prayers to Beogh against you.
Pain shoots through your body!
You die...

.............#).......#.# #.####.
.#########.#......#.#.#.# #.##<#.
.# #.#......<.#.#.# #....#. .#
#.#....##....#.# ######. .#
#.#.#........#.#########
.#########.#.#..###.#.#..........
#..........#........#.###########
#.########.###†o#.#.#.#
.........#....[#@.#.#.#
#.#.####.#.#####.##.#[#
#.######.#.#........#.#
#........#.#.###.####.#
##########.#.###.# #.# #.#.....#
#.# #.##########.# #............#
##############


You could see an orc priest.

Vanquished Creatures
  A hound (D:2)
  Jessica (D:2)
  3 adders (D:2)
  2 oozes (D:2)
  5 giant geckos
  2 orcs (D:2)
  6 goblins
  5 hobgoblins (D:2)
  5 jackals (D:2)
  A kobold (D:2)
  5 bats
  3 giant newts
  3 rats
42 creatures vanquished.

Notes
Turn   | Place    | Note
--------------------------------------------------------------
     0 | D:1      | GroperCleveland the Human Berserker began the quest for the Orb.
     0 | D:1      | Reached XP level 1. HP: 18/18 MP: 1/1
   193 | D:1      | Reached XP level 2. HP: 15/24 MP: 2/2
   622 | D:2      | Found a deep blue altar of Sif Muna.
   765 | D:2      | Reached XP level 3. HP: 23/29 MP: 3/3
   846 | D:2      | Found a white marble altar of Elyvilon.
   911 | D:2      | Reached ** piety under Trog
   912 | D:2      | Noticed Jessica
   919 | D:2      | Reached XP level 4. HP: 36/36 MP: 4/4
   921 | D:2      | Killed Jessica
  1697 | D:3      | Found a faded altar to an unknown god.
  1731 | D:2      | Reached skill level 1 in Short Blades
  1731 | D:2      | Reached XP level 5. HP: 35/42 MP: 5/5
  1869 | D:2      | HP: 1/42 [orc priest/nerve-wracking pain (7)]
  1878 | D:2      | Killed from afar by an orc priest

Skill      XL: |  1  2  3  4 |
---------------+-------------+-----
Short Blades   | 1 |  1.0
Dodging        | 3 |  3.2
Fighting       | |  3.8
Axes           | |  3.8
Polearms       | |  0.4
Armour         | |  2.6

Action                   |  1- 3 |  4- 6 || total
-------------------------+-------+-------++-------
Melee: Hand axe          |    18 |       ||    18
       Short sword       |    64 |     2 ||    66
       Spear             |       |   151 ||   151
Throw: Javelin           |     1 |       ||     1
Invok: Berserk           |     1 |       ||     1
  Use: Scroll            |       |     6 ||     6
  Eat: Bread ration      |       |     1 ||     1
       Chunk             |       |     1 ||     1
Armor: Ring mail         |    37 |    18 ||    55
       Animal skin       |     1 |       ||     1
       Chain mail        |       |    75 ||    75
Dodge: Dodged            |    68 |    88 ||   156
